 Dungeon Crawl Stone Soup version 0.18-a0-1800-gdc7a371 (webtiles) character file.

153 M4edhros the Sneak (level 5, -1/33 HPs)
             Began as an Octopode Artificer on Apr 24, 2016.
             Was an Initiate of Gozag.
             Slain by a gnoll shaman
             ... wielding a +0 club
              (12 damage)
             ... on level 4 of the Dungeon.
             The game lasted 00:05:46 (2052 turns).

M4edhros the Sneak (Octopode Artificer)             Turns: 2052, Time: 00:05:47

Health: -1/33      AC:  1    Str: 10      XL:     5   Next: 35%
Magic:  7/7        EV: 12    Int: 12 (14) God:    Gozag
Gold:   393        SH:  0    Dex: 11 (14) Spells: 0 memorised, 4 levels left

rFire  . . .     SeeInvis .     t - +0 short sword (flame)
rCold  . . .     Gourm    .     (no shield)
rNeg   . . .     Faith    .     (helmet restricted)
rPois  .         Spirit   .     (no amulet)
rElec  .         Dismiss  .     g - +4 ring of slaying
rCorr  .         Reflect  .     v - ring of flight
SustAt .         Harm     .     (no ring)
MR     .....                    (no ring)
Stlth  +++++.....               (no ring)
                                (no ring)
                                (no ring)
                                (no ring)

@: gold aura, not resistant to hostile enchantments, quite stealthy
A: almost no armour, amphibious, 8 rings, constrict 8, camouflage 1, gelatinous
body 1
a: Potion Petition, Call Merchant, Bribe Branch, Renounce Religion, Evoke Flight


You were on level 4 of the Dungeon.
You worshipped Gozag.
Gozag was noncommittal.
You were hungry.

You visited 1 branch of the dungeon, and saw 4 of its levels.

You collected 419 gold pieces.
You paid 26 gold pieces to Gozag.

Inventory:

Hand Weapons
 a - a +0 short sword
 r - a +0 rapier
 t - a +0 short sword of flaming (weapon)
Missiles
 h - 30 stones (quivered)
 o - 6 sling bullets
Jewellery
 g - a +4 ring of slaying (left tentacle)
 v - a ring of flight (right tentacle)
Wands
 b - a wand of flame (14/48)
 c - a wand of enslavement (14/24)
 d - a wand of random effects (13/48)
Scrolls
 e - 5 scrolls of identify {unknown}
 j - 2 scrolls of remove curse {unknown}
 s - a scroll of enchant weapon {unknown}
 u - a scroll of random uselessness {unknown}
 w - a scroll of fog {unknown}
 y - a scroll of teleportation {unknown}
Potions
 i - 2 potions of brilliance
 l - a potion of flight
 n - a potion of berserk rage {unknown}
 q - 2 potions of curing {unknown}
Comestibles
 f - 2 bread rations
 k - 2 meat rations
 m - a royal jelly
 p - 13 fruits


   Skills:
 - Level 1.0 Fighting
 - Level 1.0 Short Blades
 - Level 2.0 Dodging
 + Level 7.3 Stealth
 - Level 3.2 Evocations


You had 4 spell levels left.
You didn't know any spells.

Dungeon Overview and Level Annotations

Branches:
Dungeon (4/15)
 Temple: D:4-7

Altars:
Ashenzari
Dithmenos
Gozag
Nemelex Xobeh
Pakellas
Sif Muna

Shops:
D:4 :


Innate Abilities, Weirdness & Mutations

You cannot wear most types of armour.
You are amphibious.
You can wear up to eight rings at the same time.
You can use your tentacles to constrict eight enemies at once.
Your skin changes colour to match your surroundings (Stealth).
Your rubbery body absorbs attacks (AC +1).


Message History

You constrict the gnoll shaman. The gnoll shaman hits you with a club.
The gnoll hits you from afar with a spear!
You hit the gnoll shaman. You burn the gnoll shaman.
The gnoll shaman is heavily wounded.
You constrict the gnoll shaman, but do no damage.
You are starving!
The gnoll shaman utters an invocation to its god.
The gnoll shaman is healed somewhat.
The gnoll hits you from afar with a spear.
Drink which item? (? for menu, Esc to quit)
Okay, then.
You're too hungry.
Eat which item? (? for menu, Esc to quit)
Okay, then.
You release your grip on the gnoll shaman.
Eat which item? (? for menu, Esc to quit)
You are feeling hungry.
The gnoll shaman hits you with a club!
You die...
Your body crumbles into a pile of gold.

#### #. ....## #.# $
.....## #.. ...[..## #.# .
.......##.###..## ...
.......<.>......####$....$
......# #.......g$.$...#
......## ######g####..###
....[..##### ##.@##......
...........###........# .
......####..............
......###..######..##...
..........## .......
......##### .###. .....##
## . ....## ....#


You could see a gnoll shaman.

Vanquished Creatures
  An orc wizard (D:3)
  2 gnolls (D:4)
  4 adders
  2 worms (D:2)
  A dart slug (D:2)
  A giant gecko (D:1)
  5 orcs (D:3)
  4 bats
  A giant cockroach (D:1)
  6 goblins
  3 hobgoblins
  4 jackals
  A quokka (D:3)
  A ball python (D:2)
  7 giant newts
  10 kobolds
  8 rats
61 creatures vanquished.

Vanquished Creatures (collateral kills)
  A jackal (D:2)
1 creature vanquished.

Vanquished Creatures (others)
  A jackal (D:2)
1 creature vanquished.

Grand Total: 63 creatures vanquished

Notes
Turn   | Place    | Note
--------------------------------------------------------------
     0 | D:1      | M4edhros the Octopode Artificer began the quest for the Orb.
     0 | D:1      | Reached XP level 1. HP: 13/13 MP: 3/3
    88 | D:1      | Reached skill level 2 in Stealth
   274 | D:1      | Reached skill level 3 in Stealth
   274 | D:1      | Reached XP level 2. HP: 15/18 MP: 4/4
   411 | D:1      | Found a shattered altar of Ashenzari.
   611 | D:1      | Reached skill level 4 in Stealth
   692 | D:2      | Found a shadowy altar of Dithmenos.
   692 | D:2      | Found an opulent altar of Gozag.
   692 | D:2      | Found a deep blue altar of Sif Muna.
   704 | D:2      | Found an oddly glowing altar of Pakellas.
   708 | D:2      | Reached XP level 3. HP: 23/23 MP: 5/5
   715 | D:2      | Became a worshipper of Gozag Ym Sagoz the Greedy
  1065 | D:3      | Reached skill level 5 in Stealth
  1184 | D:2      | Reached XP level 4. HP: 14/28 MP: 6/6
  1594 | D:3      | Found a sparkling altar of Nemelex Xobeh.
  1669 | D:3      | Reached skill level 6 in Stealth
  1720 | D:3      | Reached XP level 5. HP: 33/33 MP: 7/7
  2011 | D:4      | Found Gubbamm's Book Shop.
  2044 | D:4      | Reached skill level 7 in Stealth
  2052 | D:4      | Slain by a gnoll shaman

Vault maps used:
D:1:      lightli_arrival_statuegarden, dk_noncrumbling_3,
          evilmike_ruin_ashenzari
D:2:      grunt_temple_overflow_open
D:3:      lemuel_doored_altar
D:4:      serial_curves, eino_curves_01, eino_curves_03, serial_shops,
          kennysheep_mini, grunt_ministairs_10, kennysheep_generic_room_4

Skill      XL: |  1  2  3  4  5 |
---------------+----------------+-----
Stealth        | 3 4 5 6 7 |  7.3
Fighting       | |  1.0
Short Blades   | |  1.0
Dodging        | |  2.0
Evocations     | |  3.2

Action                   |  1- 3 |  4- 6 || total
-------------------------+-------+-------++-------
Melee: Short sword       |    69 |    33 ||   102
       Tentacles         |     9 |     4 ||    13
       Constrict         |    13 |    12 ||    25
       Rapier            |       |     5 ||     5
Throw: Stone             |     1 |       ||     1
Evoke: Wand              |     3 |     1 ||     4
  Use: Potion            |     4 |       ||     4
 Stab: Sleeping          |    11 |     1 ||    12
  Eat: Beef jerky        |       |     1 ||     1
       Pizza             |       |     1 ||     1
Armor: Skin              |     6 |     2 ||     8
Dodge: Dodged            |    29 |    20 ||    49
